Demolitions vs Mustangs
(R1)
Created - November 14, 2018 at 19:13
Goals
|
Demolitions |
1 |
4 |
2 |
7 |
Mustangs |
0 |
3 |
0 |
3 |
|
Shots
|
Demolitions |
7 |
12 |
8 |
27 |
Mustangs |
12 |
13 |
12 |
37 |
|
1st period
1. Demolitions , Garnet Hathaway 8 (Erik Cole 9, Michael Latta 9) at 7:09
Penalties :
Garnet Hathaway (Vic) for Holding (Minor) at 4:25, Brandon McMillan (Vic) for Interference (Minor) at 12:58
2nd period
2. Demolitions , Erik Cole 9 (Garnet Hathaway 13, Cameron Schilling 6) at 0:14
3. Mustangs , Derek Joslin 6 (Joshua Leivo 8, Brady Skjei 1) at 7:30
4. Demolitions , Spencer Machacek 4 (Justin Falk 12, Cameron Schilling 7) at 8:26 (SH)
5. Demolitions , Billy Sweat 4 (Justin Falk 13, Michael Latta 10) at 11:02
6. Mustangs , Brady Skjei 1 (Andrew Shaw 16) at 18:11 (SH)
7. Demolitions , Michael Latta 3 (Garnet Hathaway 14) at 18:52 (PP)
8. Mustangs , Andrew Shaw 10 (Brady Skjei 2) at 19:08
Penalties :
Riley Nash (Ham) for Roughing (Minor) at 1:14, Michael Latta (Vic) for Boarding (Minor) at 7:48, Erik Cole (Vic) for High sticking (Double Minor) at 11:14, Nicolas Petan (Ham) for Goalie Interference (Minor) at 17:54
3rd period
9. Demolitions , Michael Latta 4 (Robert Bortuzzo 1, Billy Sweat 4) at 5:03
10. Demolitions , Garnet Hathaway 9 (Justin Falk 14, Connor Hellebyuk) at 5:32
Penalties :
Spencer Machacek (Vic) for Hooking (Minor) at 2:00, Michael McCarron (Ham) for Slashing (Minor) at 13:34, Michael McCarron (Ham) for High sticking (Minor) at 15:47
Goalie Stats
Connor Hellebyuk (Vic), 34 saves from 37 shots - (0.919), W, 5-1-1, 60:00 minutes
Eric Comrie (Ham), 13 saves from 17 shots - (0.765), L, 0-4-0, 31:02 minutes
Chet Pickard (Ham), 7 saves from 10 shots - (0.700), 28:58 minutes
Players Stats for Demolitions
Player Name G A P +/- PIM S H SB GA TA FO MP PP MP PK MP
------------------------------------------------------------------------------------
Aaron Palushaj 0 0 0 0 0 1 1 0 1 0 0/1 11:09 0:00 0:00
Andrej Nestrasil 0 0 0 0 0 2 3 0 0 0 3/4 11:18 0:00 0:09
Billy Sweat 1 1 2 2 0 1 0 0 0 0 0/1 6:41 0:07 0:09
Brandon McMillan 0 0 0 0 2 2 1 1 0 1 0/0 13:24 0:07 1:30
Cameron Schilling 0 2 2 3 0 0 3 1 1 1 0/0 24:11 0:00 7:10
Colton Sceviour 0 0 0 2 0 0 0 0 1 0 0/0 5:55 0:07 0:00
Corban Knight 0 0 0 0 0 1 1 0 0 0 3/6 16:27 2:45 2:29
Derek Forbort 0 0 0 2 0 0 1 2 0 0 0/0 12:48 1:53 0:40
Dmitri Orlov 0 0 0 0 0 0 0 1 0 0 0/0 2:51 0:36 0:40
Erik Cole 1 1 2 0 4 1 1 2 0 0 4/9 21:35 4:03 4:37
Garnet Hathaway 2 2 4 0 2 2 3 1 1 0 2/2 21:59 4:03 5:01
Jonathan Blum 0 0 0 -1 0 0 1 1 0 1 0/0 18:38 2:29 4:05
Justin Falk 0 3 3 2 0 1 2 0 2 0 0/0 29:16 4:39 7:10
Lane MacDermid 0 0 0 1 0 2 2 1 1 0 0/0 17:54 2:45 4:13
Michael Latta 2 2 4 2 2 8 0 1 1 1 11/31 22:00 4:03 1:07
Phil McRae 0 0 0 0 0 1 0 0 0 0 1/1 3:55 0:00 2:53
Robert Bortuzzo 0 1 1 2 0 1 0 2 0 0 0/0 11:37 0:00 0:00
Seth Helgeson 0 0 0 -2 0 1 1 2 1 0 0/0 20:39 4:13 4:05
Spencer Machacek 1 0 1 1 2 3 1 0 3 0 0/0 15:43 2:45 1:42
Players Stats for Mustangs
Player Name G A P +/- PIM S H SB GA TA FO MP PP MP PK MP
------------------------------------------------------------------------------------
Alexei Marchenko 0 0 0 0 0 1 2 0 0 1 0/0 20:05 4:16 2:58
Andrew Shaw 1 1 2 1 0 1 4 0 0 1 3/3 22:34 5:49 3:49
Ben Harpur 0 0 0 -2 0 3 1 0 0 0 0/0 12:12 0:35 0:00
Brady Skjei 1 2 3 -1 0 5 1 0 2 3 0/0 26:22 7:04 3:57
Curtis Hamilton 0 0 0 -1 0 2 1 0 0 0 0/0 9:44 1:02 0:17
Derek Joslin 1 0 1 0 0 4 1 0 1 2 0/0 21:26 4:16 2:58
Francis Paré 0 0 0 -1 0 3 1 0 0 0 1/1 15:27 4:57 0:00
Jim O'Brien 0 0 0 0 0 0 1 0 0 0 12/22 19:59 5:49 1:17
Joshua Leivo 0 1 1 -1 0 4 2 0 0 0 0/0 18:06 5:03 2:31
JT Compher 0 0 0 -2 0 3 0 0 1 0 0/0 10:22 0:49 0:00
Kurtis Gabriel 0 0 0 -2 0 1 0 0 0 0 0/0 10:32 0:59 0:00
Mark Pysyk 0 0 0 -1 0 1 0 1 0 1 0/0 27:43 7:04 3:57
Michael McCarron 0 0 0 -1 4 1 1 0 0 1 2/6 8:10 0:00 0:00
Nicolas Petan 0 0 0 -2 2 1 2 0 0 1 3/5 11:35 0:20 1:54
Riley Nash 0 0 0 -1 2 2 3 0 0 0 7/11 15:28 4:57 0:00
Sam Kurker 0 0 0 -1 0 0 0 1 0 0 0/0 8:19 0:10 0:00
Scott Mayfield 0 0 0 -2 0 2 0 2 0 0 0/0 12:12 0:35 0:00
Tomas Tatar 0 0 0 1 0 3 1 1 0 2 3/7 22:45 5:50 4:02
3 Stars
1 - Michael Latta (Vic)
2 - Garnet Hathaway (Vic)
3 - Justin Falk (Vic)
Power Play
Demolitions - 1 on 4 Attempt(s) - 25.00%
Mustangs - 0 on 6 Attempt(s) - 0.00%
Penalty Kill
Demolitions - 6 on 6 Attempt(s) - 100.00%
- Score 1 goal in Penalty Kill
Mustangs - 3 on 4 Attempt(s) - 75.00%
- Score 1 goal in Penalty Kill
Team Stat
Demolitions - Hits : 21 - Faceoff Wins : 24 - Blocked Shots : 15 - Penalty Minutes : 12
Mustangs - Hits : 21 - Faceoff Wins : 31 - Blocked Shots : 5 - Penalty Minutes : 8
Official
Referees : Unknown
Linesman : Unknown
Game Notes
Chet Pickard enters game at 11:02 of 2nd period
Finance
Level 1 -- Attendance: 1565 (78.25%) -- Ticket Income $62,600
Level 2 -- Attendance: 681 (68.10%) -- Ticket Income $13,620
Total Attendance: 2246 (74.87%)
Total Ticket Income: $76,220
Other Income: $3,811
Total Income: $80,031
Demolitions
5 vs 5 Forward
Center Left Wing Right Wing Time % Phy DF OF
1 Michael Latta Erik Cole Garnet Hathaway 56 0 0 5
2 Corban Knight Lane MacDermid Spencer Machacek 25 1 2 2
3 Andrej Nestrasil Brandon McMillan Aaron Palushaj 14 1 2 2
4 Michael Latta Billy Sweat Colton Sceviour 5 1 2 2
5 vs 5 Defense
Defense Defense Time % Phy DF OF
1 Justin Falk Cameron Schilling 40 1 2 2
2 Jonathan Blum Seth Helgeson 30 0 0 5
3 Derek Forbort Robert Bortuzzo 20 1 2 2
4 Justin Falk Seth Helgeson 10 1 2 2
PowerPlay Forward
Center Left Wing Right Wing Time % Phy DF OF
1 Michael Latta Erik Cole Garnet Hathaway 60 0 0 5
2 Corban Knight Lane MacDermid Spencer Machacek 40 0 0 5
PowerPlay Defense
Defense Defense Time % Phy DF OF
1 Justin Falk Seth Helgeson 60 0 0 5
2 Jonathan Blum Justin Falk 40 0 0 5
Penalty Kill 4 Players Forward
Center Wing Time % Phy DF OF
1 Erik Cole Garnet Hathaway 60 1 2 2
2 Spencer Machacek Lane MacDermid 40 1 2 2
Penalty Kill 4 Players Defense
Defense Defense Time % Phy DF OF
1 Justin Falk Cameron Schilling 60 1 2 2
2 Seth Helgeson Jonathan Blum 40 1 2 2
Penalty Kill - 3 Players Forward
Forward Time % Phy DF OF
1 Erik Cole 60 1 2 2
2 Garnet Hathaway 40 1 2 2
Penalty Kill - 3 Players Defense
Defense Defense Time % Phy DF OF
1 Justin Falk Cameron Schilling 60 1 2 2
2 Jonathan Blum Seth Helgeson 40 1 2 2
4 vs 4 Forward
Center Wing Time % Phy DF OF
1 Michael Latta Garnet Hathaway 60 1 2 2
2 Erik Cole Lane MacDermid 40 1 2 2
4 vs 4 Defense
Defense Defense Time % Phy DF OF
1 Justin Falk Cameron Schilling 60 1 2 2
2 Jonathan Blum Seth Helgeson 40 1 2 2
Last Minutes Offensive
Center Left Wing Right Wing Defense Defense
Michael Latta Erik Cole Garnet Hathaway Justin Falk Cameron Schilling
Last Minutes Defensive
Center Left Wing Right Wing Defense Defense
Michael Latta Erik Cole Garnet Hathaway Justin Falk Cameron Schilling
Goaltenders
Starting : Connor Hellebyuk
Backup : Karri Ramo
Extra Forwards
Normal : Brandon McMillan, Billy Sweat, Phil McRae - PP : Brandon McMillan, Billy Sweat - PK : Phil McRae
Extra Defensemen
Normal : Derek Forbort, Seth Helgeson, Dmitri Orlov - PP : Derek Forbort - PK : Jonathan Blum, Dmitri Orlov
Penalty Shots
Erik Cole, Garnet Hathaway, Spencer Machacek, Lane MacDermid, Corban Knight
Scratches
Alex Hutchings (Healthy), Ryan Olsen (Healthy), Thomas DiPauli (Healthy), JC Lipon (Healthy), Taylor Leier (Healthy)
Joel Vermin (Left Hand Injury), Jake Paterson (Healthy)
Mustangs
5 vs 5 Forward
Center Left Wing Right Wing Time % Phy DF OF
1 Jim O'Brien Tomas Tatar Andrew Shaw 40 1 2 2
2 Riley Nash Joshua Leivo Francis Paré 30 1 2 2
3 Nicolas Petan JT Compher Kurtis Gabriel 20 1 2 2
4 Michael McCarron Curtis Hamilton Sam Kurker 10 1 2 2
5 vs 5 Defense
Defense Defense Time % Phy DF OF
1 Brady Skjei Mark Pysyk 40 1 2 2
2 Derek Joslin Alexei Marchenko 30 1 2 2
3 Scott Mayfield Ben Harpur 20 1 2 2
4 Derek Joslin Mark Pysyk 10 1 2 2
PowerPlay Forward
Center Left Wing Right Wing Time % Phy DF OF
1 Jim O'Brien Tomas Tatar Andrew Shaw 60 1 2 2
2 Riley Nash Joshua Leivo Francis Paré 40 1 2 2
PowerPlay Defense
Defense Defense Time % Phy DF OF
1 Brady Skjei Mark Pysyk 60 1 2 2
2 Derek Joslin Alexei Marchenko 40 1 2 2
Penalty Kill 4 Players Forward
Center Wing Time % Phy DF OF
1 Tomas Tatar Andrew Shaw 60 1 2 2
2 Jim O'Brien Joshua Leivo 40 1 2 2
Penalty Kill 4 Players Defense
Defense Defense Time % Phy DF OF
1 Brady Skjei Mark Pysyk 60 1 2 2
2 Derek Joslin Alexei Marchenko 40 1 2 2
Penalty Kill - 3 Players Forward
Forward Time % Phy DF OF
1 Tomas Tatar 60 1 2 2
2 Andrew Shaw 40 1 2 2
Penalty Kill - 3 Players Defense
Defense Defense Time % Phy DF OF
1 Brady Skjei Mark Pysyk 60 1 2 2
2 Derek Joslin Alexei Marchenko 40 1 2 2
4 vs 4 Forward
Center Wing Time % Phy DF OF
1 Tomas Tatar Andrew Shaw 60 1 2 2
2 Jim O'Brien Joshua Leivo 40 1 2 2
4 vs 4 Defense
Defense Defense Time % Phy DF OF
1 Brady Skjei Mark Pysyk 60 1 2 2
2 Derek Joslin Alexei Marchenko 40 1 2 2
Last Minutes Offensive
Center Left Wing Right Wing Defense Defense
Jim O'Brien Tomas Tatar Andrew Shaw Brady Skjei Mark Pysyk
Last Minutes Defensive
Center Left Wing Right Wing Defense Defense
Jim O'Brien Tomas Tatar Andrew Shaw Brady Skjei Mark Pysyk
Goaltenders
Starting : Eric Comrie
Backup : Chet Pickard
Extra Forwards
Normal : JT Compher, Curtis Hamilton, Nicolas Petan - PP : JT Compher, Curtis Hamilton - PK : Nicolas Petan
Extra Defensemen
Normal : Scott Mayfield, Ben Harpur, Brady Skjei - PP : Scott Mayfield - PK : Ben Harpur, Brady Skjei
Penalty Shots
Tomas Tatar, Andrew Shaw, Jim O'Brien, Joshua Leivo, Riley Nash
Scratches
Ryan Graves (Healthy), Andreas Athanasiou (Healthy), Jerome Samson (Healthy), Eric Knodel (Healthy), Matthew Finn (Healthy)
Danny Biega (Healthy), Raphael Bussieres (Healthy), Dakota Mermis (Healthy), Max Gortz (Healthy), Joacim Eriksson (Healthy)
% Time on Ice - Demolitions
Lines # - Real PCT - Wanted PCT - Time Play
Normal Forward
1 - 31% - 56% - 12:56
2 - 27% - 25% - 11:17
3 - 27% - 14% - 11:09
4 - 14% - 5% - 5:48
Normal Defense
1 - 41% - 40% - 17:04
2 - 29% - 30% - 12:04
3 - 28% - 20% - 11:37
4 - 1% - 10% - 0:25
PP Forward
1 - 60% - 60% - 4:10
2 - 40% - 40% - 2:45
PP Defense
1 - 64% - 60% - 4:26
2 - 36% - 40% - 2:29
PK Forward
1 - 76% - 60% - 9:03
2 - 24% - 40% - 2:52
PK Defense
1 - 66% - 60% - 7:50
2 - 34% - 40% - 4:05
PK3 Forward
1 - 0% - 60%
2 - 0% - 40%
PK3 Defense
1 - 0% - 60%
2 - 0% - 40%
44 Forward
1 - 0% - 60%
2 - 0% - 40%
44 Defense
1 - 0% - 60%
2 - 0% - 40%
Last Minute Offensive - 0:00
Last Minute Defensive - 0:00
Total
Forward - 60:00
Defense - 60:00
|
% Time on Ice - Mustangs
Lines # - Real PCT - Wanted PCT - Time Play
Normal Forward
1 - 33% - 40% - 13:28
2 - 26% - 30% - 10:30
3 - 22% - 20% - 9:03
4 - 20% - 10% - 8:09
Normal Defense
1 - 37% - 40% - 15:21
2 - 31% - 30% - 12:51
3 - 28% - 20% - 11:37
4 - 3% - 10% - 1:21
PP Forward
1 - 56% - 60% - 6:42
2 - 44% - 40% - 5:13
PP Defense
1 - 64% - 60% - 7:39
2 - 36% - 40% - 4:16
PK Forward
1 - 81% - 60% - 5:38
2 - 19% - 40% - 1:17
PK Defense
1 - 57% - 60% - 3:57
2 - 43% - 40% - 2:58
PK3 Forward
1 - 0% - 60%
2 - 0% - 40%
PK3 Defense
1 - 0% - 60%
2 - 0% - 40%
44 Forward
1 - 0% - 60%
2 - 0% - 40%
44 Defense
1 - 0% - 60%
2 - 0% - 40%
Last Minute Offensive - 0:00
Last Minute Defensive - 0:00
Total
Forward - 60:00
Defense - 60:00
|
Play by Play
1st period
0:01 of 1st period - Jim O'Brien wins face-off versus Michael Latta in neutral zone.
0:38 of 1st period - Snap shot by Spencer Machacek.
0:38 of 1st period - Shot Misses the Net.
0:55 of 1st period - Backhand shot by Jonathan Blum.
0:55 of 1st period - Shot Misses the Net.
0:57 of 1st period - Snap shot by Brandon McMillan.
0:57 of 1st period - Shot Misses the Net.
1:25 of 1st period - Slapshot by Brady Skjei.
1:25 of 1st period - Deflect By Andrew Shaw.
1:25 of 1st period - Shot Misses the Net.
1:25 of 1st period - Puck is out of play.
1:26 of 1st period - Jim O'Brien wins face-off versus Michael Latta in Demolitions zone.
2:03 of 1st period - Wrist shot by Corban Knight.
2:03 of 1st period - Deflect By Lane MacDermid.
2:03 of 1st period - Shot Misses the Net.
2:03 of 1st period - Puck is out of play.
2:04 of 1st period - Andrej Nestrasil wins face-off versus Nicolas Petan in Mustangs zone.
2:11 of 1st period - Snap shot by JT Compher.
2:11 of 1st period - Stopped by Connor Hellebyuk with a rebound.
2:13 of 1st period - Slapshot by Ben Harpur.
2:13 of 1st period - Shot Blocked by Seth Helgeson.
2:15 of 1st period - Snap shot by Kurtis Gabriel.
2:15 of 1st period - Stopped by Connor Hellebyuk without a rebound.
2:16 of 1st period - Jim O'Brien wins face-off versus Michael Latta in Demolitions zone.
2:51 of 1st period - Snap shot by Tomas Tatar.
2:51 of 1st period - Shot Blocked by Brandon McMillan.
2:53 of 1st period - Wrist shot by Derek Joslin.
2:53 of 1st period - Shot Misses the Net.
2:55 of 1st period - Slapshot by Mark Pysyk.
2:55 of 1st period - Deflect By Justin Falk.
2:55 of 1st period - Stopped by Connor Hellebyuk without a rebound.
2:56 of 1st period - Riley Nash wins face-off versus Michael Latta in Demolitions zone.
3:01 of 1st period - Wrist shot by Francis Paré.
3:01 of 1st period - Shot Blocked by Michael Latta.
3:03 of 1st period - Snap shot by Derek Joslin.
3:03 of 1st period - Shot Blocked by Erik Cole.
3:05 of 1st period - Wrist shot by Joshua Leivo.
3:05 of 1st period - Shot Blocked by Erik Cole.
3:09 of 1st period - Wrist shot by Joshua Leivo.
3:09 of 1st period - Stopped by Connor Hellebyuk without a rebound.
3:10 of 1st period - Nicolas Petan wins face-off versus Michael Latta in Demolitions zone.
3:54 of 1st period - Cameron Schilling is hit by Alexei Marchenko and loses puck.
4:05 of 1st period - Tomas Tatar is hit by Justin Falk and loses puck.
4:22 of 1st period - Wrist shot by Alexei Marchenko.
4:22 of 1st period - Stopped by Connor Hellebyuk without a rebound.
4:23 of 1st period - Michael Latta wins face-off versus Riley Nash in Demolitions zone.
4:25 of 1st period - Minor Penalty to Garnet Hathaway for Holding.
4:26 of 1st period - Jim O'Brien wins face-off versus Erik Cole in Demolitions zone.
4:56 of 1st period - Wrist shot by Riley Nash.
4:56 of 1st period - Shot Misses the Net.
6:25 of 1st period - Penalty to Garnet Hathaway is over, Garnet Hathaway is back on ice.
6:32 of 1st period - Derek Joslin is hit by Derek Forbort and loses puck.
6:51 of 1st period - Derek Joslin is hit by Andrej Nestrasil and loses puck.
7:01 of 1st period - Icing by Robert Bortuzzo.
7:02 of 1st period - Michael Latta wins face-off versus Michael McCarron in Demolitions zone.
7:07 of 1st period - Wrist shot by Erik Cole.
7:07 of 1st period - Shot Misses the Net.
7:09 of 1st period - Wrist shot by Garnet Hathaway.
7:09 of 1st period - Goal by Garnet Hathaway - Demolitions : 1 - Mustangs : 0.
7:10 of 1st period - Riley Nash wins face-off versus Michael Latta in neutral zone.
7:20 of 1st period - Joshua Leivo is hit by Justin Falk and loses puck.
7:37 of 1st period - Lane MacDermid is hit by Tomas Tatar and loses puck.
7:44 of 1st period - Slapshot by Jim O'Brien.
7:44 of 1st period - Shot Misses the Net.
8:26 of 1st period - Wrist shot by Michael Latta.
8:26 of 1st period - Shot Misses the Net.
8:38 of 1st period - Wrist shot by Michael Latta.
8:38 of 1st period - Stopped by Eric Comrie with a rebound.
8:52 of 1st period - Slapshot by Andrew Shaw.
8:52 of 1st period - Shot Blocked by Seth Helgeson.
9:21 of 1st period - Aaron Palushaj is hit by Joshua Leivo and loses puck.
9:28 of 1st period - Snap shot by Francis Paré.
9:28 of 1st period - Shot Blocked by Derek Forbort.
9:30 of 1st period - Snap shot by Francis Paré.
9:30 of 1st period - Shot Blocked by Robert Bortuzzo.
9:42 of 1st period - Robert Bortuzzo is hit by Ben Harpur and loses puck.
10:49 of 1st period - Off-side.
10:50 of 1st period - Andrej Nestrasil wins face-off versus Riley Nash in neutral zone.
11:01 of 1st period - Snap shot by Andrej Nestrasil.
11:01 of 1st period - Stopped by Eric Comrie with a rebound.
11:27 of 1st period - Wrist shot by JT Compher.
11:27 of 1st period - Stopped by Connor Hellebyuk with a rebound.
11:29 of 1st period - Slapshot by JT Compher.
11:29 of 1st period - Shot Misses the Net.
11:31 of 1st period - Slapshot by Ben Harpur.
11:31 of 1st period - Stopped by Connor Hellebyuk without a rebound.
11:32 of 1st period - Michael Latta wins face-off versus Jim O'Brien in Demolitions zone.
11:32 of 1st period - Michael Latta is hit by Andrew Shaw.
11:42 of 1st period - Snap shot by Michael Latta.
11:42 of 1st period - Stopped by Eric Comrie with a rebound.
11:58 of 1st period - Derek Joslin is hit by Cameron Schilling and loses puck.
12:36 of 1st period - Slapshot by Derek Joslin.
12:36 of 1st period - Stopped by Connor Hellebyuk without a rebound.
12:37 of 1st period - Nicolas Petan wins face-off versus Andrej Nestrasil in Demolitions zone.
12:58 of 1st period - Minor Penalty to Brandon McMillan for Interference.
12:59 of 1st period - Jim O'Brien wins face-off versus Erik Cole in Demolitions zone.
13:15 of 1st period - Off-side.
13:16 of 1st period - Riley Nash wins face-off versus Erik Cole in neutral zone.
13:27 of 1st period - Wrist shot by Francis Paré.
13:27 of 1st period - Stopped by Connor Hellebyuk without a rebound.
13:28 of 1st period - Erik Cole wins face-off versus Jim O'Brien in Demolitions zone.
13:39 of 1st period - Wrist shot by Jim O'Brien.
13:39 of 1st period - Shot Misses the Net.
14:56 of 1st period - Garnet Hathaway is hit by Jim O'Brien and loses puck.
14:58 of 1st period - Penalty to Brandon McMillan is over, Brandon McMillan is back on ice.
15:07 of 1st period - Mark Pysyk is hit by Cameron Schilling and loses puck.
15:37 of 1st period - Wrist shot by Curtis Hamilton.
15:37 of 1st period - Stopped by Connor Hellebyuk without a rebound.
15:38 of 1st period - Corban Knight wins face-off versus Riley Nash in Demolitions zone.
15:38 of 1st period - Corban Knight is hit by Riley Nash.
15:45 of 1st period - Off-side.
15:46 of 1st period - Riley Nash wins face-off versus Corban Knight in neutral zone.
15:53 of 1st period - Snap shot by Joshua Leivo.
15:53 of 1st period - Shot Misses the Net.
15:55 of 1st period - Snap shot by Joshua Leivo.
15:55 of 1st period - Shot Blocked by Lane MacDermid.
15:57 of 1st period - Snap shot by Derek Joslin.
15:57 of 1st period - Shot Blocked by Derek Forbort.
15:59 of 1st period - Wrist shot by Joshua Leivo.
15:59 of 1st period - Stopped by Connor Hellebyuk with a rebound.
16:01 of 1st period - Snap shot by Riley Nash.
16:01 of 1st period - Stopped by Connor Hellebyuk with a rebound.
16:15 of 1st period - Wrist shot by Lane MacDermid.
16:15 of 1st period - Stopped by Eric Comrie without a rebound.
16:16 of 1st period - Nicolas Petan wins face-off versus Michael Latta in Mustangs zone.
16:41 of 1st period - Jim O'Brien is hit by Andrej Nestrasil and loses puck.
16:48 of 1st period - Snap shot by Brandon McMillan.
16:48 of 1st period - Stopped by Eric Comrie with a rebound.
19:12 of 1st period - Snap shot by Mark Pysyk.
19:12 of 1st period - Shot Misses the Net.
19:34 of 1st period - Snap shot by Phil McRae.
19:34 of 1st period - Stopped by Eric Comrie without a rebound.
19:35 of 1st period - Michael Latta wins face-off versus Riley Nash in Mustangs zone.
Goals for this period are 1 for Demolitions vs 0 for Mustangs.
Shots for this period are 7 for Demolitions vs 12 for Mustangs.
2nd period
0:01 of 2nd period - Michael Latta wins face-off versus Jim O'Brien in neutral zone.
0:14 of 2nd period - Slapshot by Garnet Hathaway.
0:14 of 2nd period - Deflect By Erik Cole.
0:14 of 2nd period - Goal by Erik Cole - Demolitions : 2 - Mustangs : 0.
0:15 of 2nd period - Jim O'Brien wins face-off versus Michael Latta in neutral zone.
0:27 of 2nd period - Off-side.
0:28 of 2nd period - Andrew Shaw wins face-off versus Michael Latta in neutral zone.
0:55 of 2nd period - Francis Paré is hit by Lane MacDermid and loses puck.
1:14 of 2nd period - Minor Penalty to Riley Nash for Roughing.
1:15 of 2nd period - Tomas Tatar wins face-off versus Michael Latta in Mustangs zone.
1:24 of 2nd period - Tomas Tatar is hit by Garnet Hathaway and loses puck.
3:14 of 2nd period - Penalty to Riley Nash is over, Riley Nash is back on ice.
3:21 of 2nd period - Backhand shot by Curtis Hamilton.
3:21 of 2nd period - Shot Misses the Net.
3:23 of 2nd period - Slapshot by Scott Mayfield.
3:23 of 2nd period - Stopped by Connor Hellebyuk without a rebound.
3:24 of 2nd period - Michael McCarron wins face-off versus Aaron Palushaj in Demolitions zone.
3:37 of 2nd period - Snap shot by Curtis Hamilton.
3:37 of 2nd period - Shot Misses the Net.
3:39 of 2nd period - Slapshot by Ben Harpur.
3:39 of 2nd period - Stopped by Connor Hellebyuk with a rebound.
4:18 of 2nd period - Slapshot by Nicolas Petan.
4:18 of 2nd period - Shot Misses the Net.
4:20 of 2nd period - Slapshot by Scott Mayfield.
4:20 of 2nd period - Stopped by Connor Hellebyuk with a rebound.
4:27 of 2nd period - Wrist shot by Nicolas Petan.
4:27 of 2nd period - Stopped by Connor Hellebyuk with a rebound.
5:27 of 2nd period - Wrist shot by Brady Skjei.
5:27 of 2nd period - Stopped by Connor Hellebyuk with a rebound.
5:29 of 2nd period - Slapshot by Derek Joslin.
5:29 of 2nd period - Stopped by Connor Hellebyuk with a rebound.
5:31 of 2nd period - Slapshot by Alexei Marchenko.
5:31 of 2nd period - Shot Misses the Net.
5:33 of 2nd period - Slapshot by Nicolas Petan.
5:33 of 2nd period - Shot Hit the Post.
5:49 of 2nd period - Wrist shot by Brandon McMillan.
5:49 of 2nd period - Stopped by Eric Comrie with a rebound.
5:51 of 2nd period - Snap shot by Lane MacDermid.
5:51 of 2nd period - Deflect By Alexei Marchenko.
5:51 of 2nd period - Shot Misses the Net.
5:51 of 2nd period - Puck is out of play.
5:52 of 2nd period - Corban Knight wins face-off versus Jim O'Brien in Mustangs zone.
5:59 of 2nd period - Snap shot by Lane MacDermid.
5:59 of 2nd period - Stopped by Eric Comrie with a rebound.
6:07 of 2nd period - Corban Knight is hit by Andrew Shaw and loses puck.
6:54 of 2nd period - Icing by Sam Kurker.
6:55 of 2nd period - Erik Cole wins face-off versus Michael McCarron in Mustangs zone.
7:04 of 2nd period - Slapshot by Michael Latta.
7:04 of 2nd period - Stopped by Eric Comrie without a rebound.
7:05 of 2nd period - Jim O'Brien wins face-off versus Michael Latta in Mustangs zone.
7:12 of 2nd period - Snap shot by Michael Latta.
7:12 of 2nd period - Shot Misses the Net.
7:14 of 2nd period - Wrist shot by Michael Latta.
7:14 of 2nd period - Stopped by Eric Comrie with a rebound.
7:16 of 2nd period - Snap shot by Erik Cole.
7:16 of 2nd period - Shot Blocked by Tomas Tatar.
7:28 of 2nd period - Slapshot by Joshua Leivo.
7:28 of 2nd period - Stopped by Connor Hellebyuk with a rebound.
7:30 of 2nd period - Slapshot by Derek Joslin.
7:30 of 2nd period - Deflect By Spencer Machacek.
7:30 of 2nd period - Goal by Derek Joslin - Demolitions : 2 - Mustangs : 1.
7:31 of 2nd period - Michael Latta wins face-off versus Jim O'Brien in neutral zone.
7:38 of 2nd period - Tomas Tatar is hit by Garnet Hathaway and loses puck.
7:48 of 2nd period - Minor Penalty to Michael Latta for Boarding.
7:49 of 2nd period - Garnet Hathaway wins face-off versus Jim O'Brien in Demolitions zone.
8:03 of 2nd period - Wrist shot by Brady Skjei.
8:03 of 2nd period - Stopped by Connor Hellebyuk with a rebound.
8:05 of 2nd period - Backhand shot by Andrew Shaw.
8:05 of 2nd period - Shot Blocked by Garnet Hathaway.
8:15 of 2nd period - Brady Skjei is hit by Spencer Machacek and loses puck.
8:20 of 2nd period - Snap shot by Spencer Machacek.
8:20 of 2nd period - Shot Misses the Net.
8:22 of 2nd period - Slapshot by Justin Falk.
8:22 of 2nd period - Shot Misses the Net.
8:26 of 2nd period - Snap shot by Spencer Machacek.
8:26 of 2nd period - Goal by Spencer Machacek - Demolitions : 3 - Mustangs : 1.
8:27 of 2nd period - Jim O'Brien wins face-off versus Erik Cole in neutral zone.
8:38 of 2nd period - Snap shot by Tomas Tatar.
8:38 of 2nd period - Shot Misses the Net.
8:59 of 2nd period - Slapshot by Seth Helgeson.
8:59 of 2nd period - Shot Misses the Net.
9:07 of 2nd period - Wrist shot by Spencer Machacek.
9:07 of 2nd period - Shot Misses the Net.
9:48 of 2nd period - Penalty to Michael Latta is over, Michael Latta is back on ice.
10:38 of 2nd period - Snap shot by Spencer Machacek.
10:38 of 2nd period - Stopped by Eric Comrie with a rebound.
10:40 of 2nd period - Slapshot by Derek Forbort.
10:40 of 2nd period - Shot Blocked by Scott Mayfield.
10:42 of 2nd period - Wrist shot by Spencer Machacek.
10:42 of 2nd period - Shot Misses the Net.
10:44 of 2nd period - Backhand shot by Derek Forbort.
10:44 of 2nd period - Deflect By Spencer Machacek.
10:44 of 2nd period - Stopped by Eric Comrie with a rebound.
10:46 of 2nd period - Slapshot by Spencer Machacek.
10:46 of 2nd period - Shot Misses the Net.
10:58 of 2nd period - Wrist shot by Billy Sweat.
10:58 of 2nd period - Shot Misses the Net.
11:00 of 2nd period - Slapshot by Justin Falk.
11:00 of 2nd period - Stopped by Eric Comrie with a rebound.
11:02 of 2nd period - Snap shot by Billy Sweat.
11:02 of 2nd period - Goal by Billy Sweat - Demolitions : 4 - Mustangs : 1.
11:02 of 2nd period - Chet Pickard enters game.
11:03 of 2nd period - Jim O'Brien wins face-off versus Michael Latta in neutral zone.
11:08 of 2nd period - Justin Falk is hit by Derek Joslin and loses puck.
11:14 of 2nd period - Double Minor Penalty to Erik Cole for High sticking.
11:15 of 2nd period - Phil McRae wins face-off versus Jim O'Brien in Demolitions zone.
11:30 of 2nd period - Slapshot by Brady Skjei.
11:30 of 2nd period - Deflect By Cameron Schilling.
11:30 of 2nd period - Stopped by Connor Hellebyuk with a rebound.
12:22 of 2nd period - Garnet Hathaway is hit by Riley Nash and loses puck.
12:45 of 2nd period - Justin Falk is hit by Riley Nash and loses puck.
13:42 of 2nd period - Lane MacDermid is hit by Curtis Hamilton.
15:14 of 2nd period - Penalty to Erik Cole is over, Erik Cole is back on ice.
15:26 of 2nd period - Nicolas Petan is hit by Andrej Nestrasil and loses puck.
16:18 of 2nd period - Scott Mayfield is hit by Brandon McMillan and loses puck.
17:54 of 2nd period - Minor Penalty to Nicolas Petan for Goalie Interference.
17:55 of 2nd period - Andrew Shaw wins face-off versus Michael Latta in Mustangs zone.
18:09 of 2nd period - Icing by Michael Latta.
18:10 of 2nd period - Andrew Shaw wins face-off versus Michael Latta in Demolitions zone.
18:11 of 2nd period - Slapshot by Brady Skjei.
18:11 of 2nd period - Goal by Brady Skjei - Demolitions : 4 - Mustangs : 2.
18:12 of 2nd period - Tomas Tatar wins face-off versus Michael Latta in neutral zone.
18:26 of 2nd period - Slapshot by Tomas Tatar.
18:26 of 2nd period - Stopped by Connor Hellebyuk without a rebound.
18:27 of 2nd period - Erik Cole wins face-off versus Tomas Tatar in Demolitions zone.
18:40 of 2nd period - Snap shot by Michael Latta.
18:40 of 2nd period - Stopped by Chet Pickard without a rebound.
18:41 of 2nd period - Garnet Hathaway wins face-off versus Tomas Tatar in Mustangs zone.
18:52 of 2nd period - Wrist shot by Michael Latta.
18:52 of 2nd period - Goal by Michael Latta - Demolitions : 5 - Mustangs : 2.
18:53 of 2nd period - Jim O'Brien wins face-off versus Michael Latta in neutral zone.
19:06 of 2nd period - Wrist shot by Andrew Shaw.
19:06 of 2nd period - Shot Misses the Net.
19:08 of 2nd period - Slapshot by Andrew Shaw.
19:08 of 2nd period - Goal by Andrew Shaw - Demolitions : 5 - Mustangs : 3.
19:09 of 2nd period - Michael Latta wins face-off versus Jim O'Brien in neutral zone.
19:24 of 2nd period - Snap shot by Andrew Shaw.
19:24 of 2nd period - Deflect By Michael Latta.
19:24 of 2nd period - Shot Misses the Net.
19:24 of 2nd period - Puck is out of play.
19:25 of 2nd period - Riley Nash wins face-off versus Michael Latta in Demolitions zone.
19:52 of 2nd period - Snap shot by Lane MacDermid.
19:52 of 2nd period - Shot Blocked by Mark Pysyk.
Goals for this period are 4 for Demolitions vs 3 for Mustangs.
Shots for this period are 12 for Demolitions vs 13 for Mustangs.
3rd period
0:01 of 3rd period - Michael Latta wins face-off versus Tomas Tatar in neutral zone.
0:08 of 3rd period - Snap shot by Michael Latta.
0:08 of 3rd period - Stopped by Chet Pickard without a rebound.
0:09 of 3rd period - Michael Latta wins face-off versus Jim O'Brien in Mustangs zone.
0:28 of 3rd period - Wrist shot by Andrew Shaw.
0:28 of 3rd period - Shot Blocked by Cameron Schilling.
0:30 of 3rd period - Snap shot by Tomas Tatar.
0:30 of 3rd period - Stopped by Connor Hellebyuk without a rebound.
0:31 of 3rd period - Riley Nash wins face-off versus Corban Knight in Demolitions zone.
0:34 of 3rd period - Snap shot by Francis Paré.
0:34 of 3rd period - Shot Misses the Net.
0:36 of 3rd period - Snap shot by Joshua Leivo.
0:36 of 3rd period - Stopped by Connor Hellebyuk with a rebound.
0:58 of 3rd period - Alexei Marchenko is hit by Seth Helgeson and loses puck.
1:27 of 3rd period - Alexei Marchenko is hit by Aaron Palushaj and loses puck.
1:42 of 3rd period - Slapshot by Corban Knight.
1:42 of 3rd period - Stopped by Chet Pickard without a rebound.
1:43 of 3rd period - Michael McCarron wins face-off versus Corban Knight in Mustangs zone.
2:00 of 3rd period - Minor Penalty to Spencer Machacek for Hooking.
2:01 of 3rd period - Erik Cole wins face-off versus Jim O'Brien in Demolitions zone.
3:14 of 3rd period - Tomas Tatar is hit by Jonathan Blum and loses puck.
3:59 of 3rd period - Mark Pysyk is hit by Cameron Schilling and loses puck.
4:00 of 3rd period - Penalty to Spencer Machacek is over, Spencer Machacek is back on ice.
4:20 of 3rd period - Wrist shot by Curtis Hamilton.
4:20 of 3rd period - Stopped by Connor Hellebyuk without a rebound.
4:21 of 3rd period - Michael Latta wins face-off versus Michael McCarron in Demolitions zone.
4:41 of 3rd period - Slapshot by Alexei Marchenko.
4:41 of 3rd period - Shot Misses the Net.
4:57 of 3rd period - Snap shot by Billy Sweat.
4:57 of 3rd period - Shot Misses the Net.
4:59 of 3rd period - Slapshot by Robert Bortuzzo.
4:59 of 3rd period - Stopped by Chet Pickard with a rebound.
5:01 of 3rd period - Slapshot by Robert Bortuzzo.
5:01 of 3rd period - Shot Misses the Net.
5:03 of 3rd period - Wrist shot by Michael Latta.
5:03 of 3rd period - Goal by Michael Latta - Demolitions : 6 - Mustangs : 3.
5:04 of 3rd period - Jim O'Brien wins face-off versus Michael Latta in neutral zone.
5:07 of 3rd period - Michael Latta is hit by Brady Skjei and loses puck.
5:32 of 3rd period - Wrist shot by Garnet Hathaway.
5:32 of 3rd period - Deflect By Mark Pysyk.
5:32 of 3rd period - Goal by Garnet Hathaway - Demolitions : 7 - Mustangs : 3.
5:33 of 3rd period - Jim O'Brien wins face-off versus Michael Latta in neutral zone.
5:36 of 3rd period - Snap shot by Brady Skjei.
5:36 of 3rd period - Shot Misses the Net.
6:42 of 3rd period - Wrist shot by Francis Paré.
6:42 of 3rd period - Stopped by Connor Hellebyuk without a rebound.
6:43 of 3rd period - Francis Paré wins face-off versus Erik Cole in Demolitions zone.
7:10 of 3rd period - Corban Knight is hit by Nicolas Petan and loses puck.
7:34 of 3rd period - Slapshot by Andrej Nestrasil.
7:34 of 3rd period - Stopped by Chet Pickard with a rebound.
7:36 of 3rd period - Snap shot by Brandon McMillan.
7:36 of 3rd period - Shot Blocked by Sam Kurker.
7:40 of 3rd period - Snap shot by Aaron Palushaj.
7:40 of 3rd period - Stopped by Chet Pickard with a rebound.
7:42 of 3rd period - Slapshot by Brandon McMillan.
7:42 of 3rd period - Shot Blocked by Scott Mayfield.
7:52 of 3rd period - Sam Kurker is hit by Erik Cole and loses puck.
8:21 of 3rd period - Snap shot by Riley Nash.
8:21 of 3rd period - Shot Blocked by Jonathan Blum.
9:20 of 3rd period - Snap shot by JT Compher.
9:20 of 3rd period - Stopped by Connor Hellebyuk without a rebound.
9:21 of 3rd period - Andrej Nestrasil wins face-off versus Nicolas Petan in Demolitions zone.
10:13 of 3rd period - Jonathan Blum is hit by Francis Paré and loses puck.
10:18 of 3rd period - Wrist shot by Francis Paré.
10:18 of 3rd period - Stopped by Connor Hellebyuk with a rebound.
10:20 of 3rd period - Wrist shot by Riley Nash.
10:20 of 3rd period - Stopped by Connor Hellebyuk with a rebound.
10:22 of 3rd period - Slapshot by Ben Harpur.
10:22 of 3rd period - Stopped by Connor Hellebyuk with a rebound.
11:07 of 3rd period - Robert Bortuzzo is hit by Andrew Shaw and loses puck.
11:12 of 3rd period - Slapshot by Brady Skjei.
11:12 of 3rd period - Stopped by Connor Hellebyuk with a rebound.
11:36 of 3rd period - Slapshot by Derek Joslin.
11:36 of 3rd period - Stopped by Connor Hellebyuk with a rebound.
12:13 of 3rd period - Aaron Palushaj is hit by Andrew Shaw and loses puck.
12:18 of 3rd period - Snap shot by Tomas Tatar.
12:18 of 3rd period - Stopped by Connor Hellebyuk with a rebound.
12:20 of 3rd period - Wrist shot by Jim O'Brien.
12:20 of 3rd period - Shot Blocked by Robert Bortuzzo.
12:39 of 3rd period - Off-side.
12:40 of 3rd period - Riley Nash wins face-off versus Billy Sweat in neutral zone.
12:52 of 3rd period - Seth Helgeson is hit by Joshua Leivo and loses puck.
13:12 of 3rd period - Andrew Shaw is hit by Lane MacDermid and loses puck.
13:34 of 3rd period - Minor Penalty to Michael McCarron for Slashing.
13:35 of 3rd period - Michael Latta wins face-off versus Tomas Tatar in Mustangs zone.
14:05 of 3rd period - Slapshot by Seth Helgeson.
14:05 of 3rd period - Stopped by Chet Pickard with a rebound.
15:33 of 3rd period - Icing by Lane MacDermid.
15:34 of 3rd period - Penalty to Michael McCarron is over, Michael McCarron is back on ice.
15:34 of 3rd period - Corban Knight wins face-off versus Michael McCarron in Demolitions zone.
15:34 of 3rd period - Corban Knight is hit by Michael McCarron.
15:47 of 3rd period - Minor Penalty to Michael McCarron for High sticking.
15:48 of 3rd period - Tomas Tatar wins face-off versus Michael Latta in Mustangs zone.
15:59 of 3rd period - Tomas Tatar is hit by Garnet Hathaway and loses puck.
17:12 of 3rd period - Michael Latta is hit by Alexei Marchenko and loses puck.
17:47 of 3rd period - Penalty to Michael McCarron is over, Michael McCarron is back on ice.
17:57 of 3rd period - Snap shot by Curtis Hamilton.
17:57 of 3rd period - Shot Misses the Net.
17:59 of 3rd period - Snap shot by Michael McCarron.
17:59 of 3rd period - Shot Blocked by Dmitri Orlov.
18:01 of 3rd period - Backhand shot by Michael McCarron.
18:01 of 3rd period - Stopped by Connor Hellebyuk with a rebound.
18:03 of 3rd period - Slapshot by Michael McCarron.
18:03 of 3rd period - Shot Misses the Net.
19:19 of 3rd period - Francis Paré is hit by Corban Knight and loses puck.
19:36 of 3rd period - Justin Falk is hit by Nicolas Petan and loses puck.
Goals for this period are 2 for Demolitions vs 0 for Mustangs.
Shots for this period are 8 for Demolitions vs 12 for Mustangs.
Back to the Top